 Seeded DCSS version 0.30.1-4-g462c640d31 (webtiles) character file.

Game seed: 6351066067085065685 (custom seed)

665 Esekla the Grave Robber (level 7, -2/36 HPs)
             Began as a Deep Elf Necromancer on Aug 20, 2023.
             Was a Believer of Vehumet.
             Slain by an ogre
             ... wielding a +0 giant club
              (17 damage)
             ... on level 5 of the Dungeon.
             The game lasted 00:31:47 (4530 turns).

Esekla the Grave Robber (Deep Elf Necromancer)      Turns: 4530, Time: 00:31:47

Health: -2/36      AC:  4    Str:  5    XL:     7   Next: 31%
Magic:  14/19      EV: 14    Int: 22    God:    Vehumet [**....]
Gold:   276        SH:  0    Dex: 15    Spells: 9/19 levels left

rFire   . . .        a - +2 dagger (vamp)
rCold   . . .        (no shield)
rNeg    . . .        p - +0 robe
rPois   .            i - +0 helmet
rElec   .            (no cloak)
rCorr   .            j - +0 pair of gloves
SInv    .            (no boots)
Will    .....        A - amulet of magic regeneration
Stlth   +++          (no ring)
HPRegen 0.26/turn    (no ring)
MPRegen 0.56/turn

%: no passive effects
@: no status effects
A: no striking features
a: Renounce Religion


You were on level 5 of the Dungeon.
You worshipped Vehumet.
Vehumet was pleased with you.
You visited 1 branch of the dungeon, and saw 5 of its levels.

You collected 276 gold pieces.

Inventory:

Hand Weapons
 a - a +2 vampiric dagger (weapon)
 s - the +5 rapier of the Hero {heavy, rN+ Dex+3}
   (You found it on level 3 of the Dungeon)

   Dex:       It affects your dexterity (+3).
   rN:        It protects you from negative energy.
Missiles
 u - 7 poisoned darts (quivered)
 x - a throwing net
Armour
 i - a +0 helmet (worn)
 j - a +0 pair of gloves (worn)
 p - a +0 robe (worn)
Jewellery
 A - an amulet of magic regeneration (around neck)
Wands
 f - a wand of roots (16)
 D - a wand of flame (15)
Scrolls
 c - a scroll of blinking {unknown}
 l - a scroll of enchant armour {unknown}
 m - 2 scrolls of amnesia {unknown}
 n - a scroll of immolation {unknown}
 o - 5 scrolls of identify {unknown}
 t - 2 scrolls of fog {unknown}
 v - 3 scrolls of enchant weapon {unknown}
 w - a scroll of silence {unknown}
 y - a scroll of summoning {unknown}
 z - a scroll of magic mapping {unknown}
 C - 2 scrolls of fear
Potions
 b - a potion of magic
 d - a potion of ambrosia {unknown}
 e - a potion of haste {unknown}
 g - 4 potions of curing
 h - a potion of mutation {unknown}
 k - 2 potions of attraction {unknown}
 q - a potion of heal wounds {unknown}
 r - 3 potions of brilliance {unknown}
 B - a potion of lignification {unknown}


   Skills:
 + Level 2.3 Short Blades
 * Level 4.6 Dodging
 + Level 3.8 Stealth
 * Level 6.6 Spellcasting
 * Level 6.7 Necromancy
 * Level 1.6 Translocations


You had 9 spell levels left.
You knew the following spells:

 Your Spells              Type           Power      Damage    Failure   Level
a - Necrotise             Necr           100%       1d9       1%          1
b - Momentum Strike       Conj/Tloc      20%        3d8       10%         2
c - Foxfire               Conj/Fire      28%        2x1d5     9%          1
d - Vampiric Draining     Necr           37%        2d8       1%          3
t - Teleport Other        Tloc           14%        N/A       13%         3

Your spell library contained the following spells:

 Spells                   Type           Power      Damage    Failure   Level
 Animate Dead             Necr           37%        N/A       5%          4
 Lesser Beckoning         Tloc           28%        N/A       7%          2
 Gell's Gravitas          Tloc           14%        N/A       13%         3
 Agony                    Necr           37%        N/A       14%         5
 Spider Form              Tmut/Pois      7%         N/A       26%         3
 Cause Fear               Hex            3%         N/A       63%         4
 Summon Mana Viper        Hex/Summ       7%         N/A       93%         5


Dungeon Overview and Level Annotations

Branches:
Dungeon (5/15)
 Temple: D:4-7

Altars:
Dithmenos
Hepliaklqana
Okawaru
Qazlal
Trog
Vehumet
Zin
The Shining One

Shops:
D:2 =   D:4 (


Message History

Aiming: Vampiric Draining (safe; 1% risk of failure)
Press: ? - help, Shift-Dir - straight line, f - hound
Aim: a hound You draw life force from the hound!
You feel life coursing into your body. The hound misses you.
You hit the hound.
You feel better.
The hound is severely wounded.
The hound bites you but does no damage. x2
You hit the hound.
The hound is severely wounded.
The hound misses you.
You hit the hound.
The hound is almost dead.
The hound barely misses you.
You hit the hound.
You kill the hound!
Vehumet accepts your kill.
You feel your power returning.
You hit the ogre.
The ogre is lightly wounded.
The ogre hits you with a +0 giant club!
Casting: Vampiric Draining (safe; 1% risk of failure)
Confirm with . or Enter, or press ? or * to list all spells.
Aiming: Vampiric Draining (safe; 1% risk of failure)
Press: ? - help, Shift-Dir - straight line, f - ogre
Aim: an ogre, wielding a +0 giant club (lightly wounded)
You draw life force from the ogre!
You feel life coursing into your body!
You hit the ogre.
The ogre is severely wounded.
The ogre hits you with a +0 giant club!!
Ouch! That really hurt!
* * * LOW HITPOINT WARNING * * *
Casting: Vampiric Draining (safe; 1% risk of failure)
Confirm with . or Enter, or press ? or * to list all spells.
Aiming: Vampiric Draining (safe; 1% risk of failure)
Press: ? - help, Shift-Dir - straight line, f/p - ogre
Aim: an ogre, wielding a +0 giant club (severely wounded)
You draw life force from the ogre!
You feel life coursing into your body. The ogre hits you with a +0 giant club!
You die...

.#.######.# #.#.#
.#...# #.# #.#.#
####.####.# #.#.##
.#......#.# #....#
.#..###.#.# ##...#
....# #...######...#
....###............#
.#..>...#.######O#.#
.......##.# #@#.#
.#.###.##.# #.#.#
...# #.##.# #.#.#
.#.###.##.# #...#
..#...)...######...#
.###...............#
## ##..#####.####.##
.###.#.# #.# #.#
#.#.##.#####.####.#


You could see an ogre.

Vanquished Creatures
  2 scorpions (D:5)
  A gnoll bouda (D:4)
  4 hounds
  A sleepcap (D:5)
  4 iguanas
  12 gnolls
  8 adders
  A white imp (D:5)
  A worm (D:4)
  3 dart slugs
  9 orcs
  4 endoplasms
  8 goblins
  5 hobgoblins
  A quokka (D:1)
  5 ball pythons
  4 bats
  4 frilled lizards
  5 kobolds
  A rat (D:2)
83 creatures vanquished.

Notes
Turn   | Place    | Note
-------+----------+-------------------------------------------
     0 | D:1      | Esekla the Deep Elf Necromancer began the quest for the
                  | Orb.
     0 | D:1      | Reached XP level 1. HP: 10/10 MP: 6/6
   222 | D:2      | Found Renulab's Jewellery Shop.
   387 | D:4      | Found an iron altar of Okawaru.
   452 | D:4      | Found a glowing silver altar of Zin.
   470 | D:4      | Found a radiant altar of Vehumet.
   474 | D:4      | Became a worshipper of Vehumet
   669 | D:3      | Reached skill level 5 in Necromancy
   787 | D:3      | Reached XP level 2. HP: 15/15 MP: 8/8
  1027 | D:3      | Identified the +5 rapier of the Hero {heavy, rN+ Dex+3}
  1271 | D:2      | Reached XP level 3. HP: 19/19 MP: 10/10
  1275 | D:2      | Learned a level 3 spell: Vampiric Draining
  1418 | D:2      | Noticed a black bear
  1498 | D:3      | Found a hazy altar of Hepliaklqana.
  1500 | D:3      | Found a bloodstained altar of Trog.
  1501 | D:3      | Found a stormy altar of Qazlal.
  1517 | D:3      | Reached skill level 1 in Short Blades
  1517 | D:3      | Reached XP level 4. HP: 20/24 MP: 11/11
  1877 | D:1      | Reached * piety under Vehumet
  1877 | D:1      | Offered knowledge of Foxfire by Vehumet.
  2209 | D:1      | Learned a level 3 spell: Teleport Other
  2211 | D:1      | Learned a level 1 spell: Foxfire
  2292 | D:2      | Found a faded altar of an unknown god.
  2320 | D:2      | Reached XP level 5. HP: 16/28 MP: 9/13
  2651 | D:4      | Found Ponaysk's Antique Weapon Boutique.
  2788 | D:4      | Found a glowing golden altar of the Shining One.
  3344 | D:3      | Offered knowledge of Momentum Strike by Vehumet.
  3345 | D:3      | Reached XP level 6. HP: 26/32 MP: 8/15
  3396 | D:3      | Learned a level 2 spell: Momentum Strike
  3404 | D:3      | Reached skill level 5 in Spellcasting
  3444 | D:4      | Reached ** piety under Vehumet
  3722 | D:5      | Entered Level 5 of the Dungeon
  3730 | D:5      | Got the Parchment of the Lumpy Olives
  3739 | D:5      | Found a shadowy altar of Dithmenos.
  3840 | D:5      | Reached skill level 1 in Translocations
  4315 | D:5      | Reached XP level 7. HP: 36/36 MP: 18/18
  4530 | D:5      | Slain by an ogre

Illustrated notes

Levels and vault maps discovered:
D:1:      sevenhm_arrival_forest_fort_small_3, layout_rooms,
          chequers_serial_rivers_room_b, minmay_misc_feat_five
D:2:      layout_loops_ring, dreamdust_ecumenical_altar_angels_and_demons,
          serial_shops, shop
D:3:      layout_basic, grunt_temple_overflow_open, minmay_misc_feat_iff
D:4:      layout_basic, nicolae_overflow_quartered_altars, serial_shops,
          nicolae_diamond_shop
D:5:      layout_loops_ring, lemuel_doored_altar, minmay_misc_feat_rows,
          dreamdust_wishing_well

Skill      XL: |  1  2  3  4  5  6 |
---------------+-------------------+-----
Necromancy     | 5 6 |  6.7
Short Blades   | 1 2 |  2.3
Dodging        | 3 4 |  4.6
Stealth        | 3 |  3.8
Spellcasting   | 4 6 |  6.6
Translocations | 1 |  1.6

Action                     |  1- 3 |  4- 6 |  7- 9 || total
---------------------------+-------+-------+-------++-------
  Melee: Short sword       |    61 |       |       ||    61
         Unarmed           |     9 |       |       ||     9
         Rapier            |     7 |       |       ||     7
         Dagger            |    17 |   177 |     9 ||   203
         Punch             |       |     3 |       ||     3
  Throw: Dart              |       |     6 |       ||     6
   Cast: Vampiric Draining |       |    40 |     4 ||    44
    Use: Scroll            |     1 |       |       ||     1
   Stab: Sleeping          |     3 |     9 |     2 ||    14
 Armour: Robe              |    22 |    18 |     3 ||    43
  Dodge: Dodged            |    55 |    93 |     7 ||   155
